 Dungeon Crawl Stone Soup version 0.29.0-4-gdea44cf6ec (webtiles) character file.

Game seed: 17433192459436829333

130 qw the Chopper (level 5, -1/30 HPs)
             Began as a Tengu Warper on Aug 28, 2022.
             Slain by an orc
             ... wielding a +3 whip
              (2 damage)
             ... on level 3 of the Dungeon.
             The game lasted 00:00:18 (3242 turns).

qw the Chopper (Tengu Warper)                       Turns: 3242, Time: 00:00:18

Health: -1/30      AC:  8    Str: 14    XL:     5   Next: 14%
Magic:  9/9        EV:  7    Int: 13    God:
Gold:   179        SH:  0    Dex: 13    Spells: 8/8 levels left

rFire   . . .      SeeInvis .   Y - +0 hand axe
rCold   . . .      Faith    .   (no shield)
rNeg    . . .      Spirit   .   e - +0 chain mail
rPois   .          Reflect  .   (helmet restricted)
rElec   .          Harm     .   (no cloak)
rCorr   .          Rampage  .   (no gloves)
Will    .....                   (boots unavailable)
Stlth   ..........              (no amulet)
HPRegen 0.10/turn               (no ring)
MPRegen 0.11/turn               (no ring)

@: about to teleport, flying quickly and evasively, quick
A: beak, talons 3, nimble flight
a: no special abilities


You were on level 3 of the Dungeon.
You visited 1 branch of the dungeon, and saw 4 of its levels.

You collected 179 gold pieces.


Innate Abilities, Weirdness & Mutations

You have a beak for a mouth.
You have claws for feet.
Your magical nature lets you fly swiftly and evasively.


   Skills:
 - Level 2.0 Fighting
 + Level 5.7 Axes
 - Level 1.0 Throwing
 - Level 1.1 Armour
 - Level 2.1 Dodging
 - Level 2.0 Spellcasting
 - Level 2.4 Translocations


You had 8 spell levels left.
You didn't know any spells.
Your spell library contained the following spells:

 Spells                   Type           Power      Damage    Failure   Level
 Blink                    Tloc           14%        N/A       99%         2
 Gell's Gravitas          Tloc           7%         N/A       100%        3
 Lesser Beckoning         Tloc           7%         N/A       100%        3
 Teleport Other           Tloc           7%         N/A       100%        3
 Manifold Assault         Tloc           7%         N/A       100%        5

Inventory:

Hand Weapons
 d - a +0 whip
 Y - a +0 hand axe (weapon)
Missiles
 l - 2 boomerangs (quivered)
Armour
 e - a +0 chain mail (worn)
 h - a +1 ring mail of fire resistance
Scrolls
 g - 2 scrolls of identify
Potions
 c - 3 potions of might
 i - 3 potions of curing
 j - a potion of cancellation

Dungeon Overview and Level Annotations

Branches:
Dungeon (4/15)
 Temple: D:4-7

Altars:


Message History

HP restored.
Done exploring.
(D) Dungeon
Where to? (* - list waypoints, Enter - D:4, ? - help)
What level of the Dungeon? (default 1, ? - help)
You fly downwards.
The orc hits you with a +3 whip.
There is a stone staircase leading up here.
3236 ||| STAIRDANCE The orc hits you but does no damage.
The orc priest mumbles some strange prayers to Beogh against you.
Pain shoots through your body! The orc hits you with a +0 flail.
You fly upwards.
There is a stone staircase leading down here.
You hit the orc priest. You claw the orc priest.
The orc priest is heavily wounded.
You hit the orc but do no damage. x2
The orc hits you but does no damage. The orc barely misses you.
The orc priest looks encouraged for a moment.
You hit the orc priest. You peck the orc priest.
The orc priest is almost dead.
You completely miss the orc. You hit the orc.
The orc hits you but does no damage. x2
The orc priest calls down the wrath of Beogh upon you.
Pain shoots through your body!
You barely miss the orc priest.
The orc priest is almost dead.
You hit the orc but do no damage. You closely miss the orc.
The orc hits you with a +0 flail. The orc hits you with a +3 whip.
The orc priest invokes the aid of Beogh against you.
Pain shoots through your body!
3241 ||| READING scroll of teleportation.
As you read the scroll of teleportation, it crumbles to dust.
You feel strangely unstable. The orc barely misses you.
The orc hits you but does no damage. The orc priest barely misses you.
You hit the orc priest.
You kill the orc priest!
You hit the orc. You closely miss the orc. The orc hits you with a +0 flail.
The orc hits you with a +3 whip.
You die...

##....# #..#.## #..##.####..#...
#.###.#PP#..#.## ############ #.#
#.####..#.##
####......#...###.###.####......
#..'......'.................#.##
####......#.....#.######.##.#+##
#......#)..o)#.#### #.##.....
#......##+#o@#.##.###.##.....
#............[...............
#............................
#..............##.###.#######
#...........#..######.### #..
####............###.#.#.#####
#........##..##..#.#.P##
#............#..P#.#.P.###
########............#.PP#.#...#..


You could see 2 orcs.

Vanquished Creatures
  An orc priest (D:3)
  A hound (D:3)
  4 adders
  2 worms
  An orc (D:3)
  3 bats
  8 endoplasms
  A giant cockroach (D:1)
  9 goblins
  3 hobgoblins
  8 jackals
  4 kobolds
  2 quokkas
  4 ball pythons
  2 frilled lizards (D:1)
  4 rats
57 creatures vanquished.

Notes
Turn   | Place    | Note
-------+----------+-------------------------------------------
     0 | D:1      | qw the Tengu Warper began the quest for the Orb.
     0 | D:1      | Reached XP level 1. HP: 12/12 MP: 4/4
     0 | D:1      | 0 ||| qw: Version: 0.1-a-89-g26bdef1
     0 | D:1      | 0 ||| qw: Game counter: 318
     0 | D:1      | 0 ||| qw: Always use a shield: true
     0 | D:1      | 0 ||| qw: God list: Okawaru
     0 | D:1      | 0 ||| qw: Allow faded altars: false
     0 | D:1      | 0 ||| qw: Do Orc after D:15 true
     0 | D:1      | 0 ||| qw: Do second Lair branch before Depths: true
     0 | D:1      | 0 ||| qw: Lair rune preference: random
     0 | D:1      | 0 ||| qw: Plans: Normal
     0 | D:1      | 0 ||| PLANNING D:1-11
    88 | D:1      | Reached XP level 2. HP: 10/17 MP: 6/6
    89 | D:1      | Reached skill level 3 in Axes
    90 | D:1      | HP: 4/17 [frozen (3)]
    96 | D:1      | HP: 4/17 [frozen (1)]
   611 | D:1      | Reached XP level 3. HP: 21/21 MP: 7/7
   710 | D:1      | 710 ||| UPGRADING to +0 ring mail.
   720 | D:1      | 720 ||| DROPPING +0 leather armour.
   721 | D:1      | 721 ||| READING 2 scrolls labelled NIEHIPRENAPN.
   725 | D:1      | 725 ||| READING 3 scrolls labelled CERUPO MIRHEPO.
   726 | D:1      | 726 ||| READING 2 scrolls of identify.
   726 | D:1      | 726 ||| IDENTIFYING bubbling coppery potion
   727 | D:1      | 727 ||| DROPPING scroll of blinking.
   728 | D:1      | 728 ||| DROPPING potion of attraction.
   828 | D:2      | Reached skill level 4 in Axes
  1593 | D:2      | Reached XP level 4. HP: 11/26 MP: 8/8
  1851 | D:2      | Found a faded altar of an unknown god.
  1895 | D:2      | 1895 ||| UPGRADING to +0 chain mail.
  1905 | D:2      | 1905 ||| DROPPING +0 ring mail.
  1906 | D:2      | 1906 ||| READING 3 scrolls labelled FEOGOB RISHRIK.
  1907 | D:2      | 1907 ||| DRINKING 2 fuming inky potions.
  1908 | D:2      | 1908 ||| DRINKING 4 black potions.
  1909 | D:2      | 1909 ||| READING 4 scrolls of identify.
  1909 | D:2      | 1909 ||| IDENTIFYING blue potion
  1910 | D:2      | 1910 ||| READING 3 scrolls of identify.
  1910 | D:2      | 1910 ||| IDENTIFYING murky inky potion
  1911 | D:2      | 1911 ||| DROPPING 2 scrolls of noise.
  1912 | D:2      | 1912 ||| DROPPING potion of invisibility.
  2088 | D:3      | Reached skill level 5 in Axes
  2136 | D:3      | 2136 ||| Stepping ~*~*~tactically~*~*~ (stealth).
  2137 | D:3      | 2137 ||| Stepping ~*~*~tactically~*~*~ (stealth).
  2482 | D:3      | Gained mutation: Your magical nature lets you fly swiftly
                  | and evasively. [Tengu growth]
  2482 | D:3      | Reached XP level 5. HP: 30/30 MP: 9/9
  2606 | D:3      | 2606 ||| Stepping ~*~*~tactically~*~*~ (stealth).
  2607 | D:3      | 2607 ||| Stepping ~*~*~tactically~*~*~ (stealth).
  2984 | D:3      | 2984 ||| READING 2 scrolls labelled XACKIEDIMO.
  3121 | D:3      | 3121 ||| READING 4 scrolls of identify.
  3121 | D:3      | 3121 ||| IDENTIFYING lumpy silvery potion
  3122 | D:3      | 3122 ||| READING 3 scrolls of identify.
  3122 | D:3      | 3122 ||| IDENTIFYING dark potion
  3123 | D:3      | 3123 ||| DROPPING potion of flight.
  3124 | D:3      | 3124 ||| DROPPING potion of degeneration.
  3125 | D:3      | 3125 ||| DROPPING scroll of torment.
  3162 | D:4      | 3162 ||| STAIRDANCE
  3236 | D:4      | 3236 ||| STAIRDANCE
  3240 | D:3      | HP: 3/30 [orc priest/nerve-wracking pain (11)]
  3241 | D:3      | 3241 ||| READING scroll of teleportation.
  3242 | D:3      | HP: 1/30 [orc/+0 flail (3)]
  3242 | D:3      | Slain by an orc

Levels and vault maps discovered:
D:1:      dpeg_arrival_solitude, layout_rooms, nrook_loot_triangle,
          minmay_hexomino_c4
D:2:      layout_basic, shapermc_ecumenical_altar_acropolis
D:3:      kennysheep_big_flooded_room, layout_basic, serial_aquarium,
          aquarium_bridge_square [aquarium_subvault_balcony,
          aquarium_subvault_wall, aquarium_subvault_bridge,
          aquarium_subvault_bridge], aquarium_bridge_square
          [aquarium_subvault_window, aquarium_subvault_bridge,
          aquarium_subvault_wall, aquarium_subvault_wall],
          aquarium_window_corner, aquarium_window_corner, aquarium_view_2b,
          aquarium_balcony_3b, aquarium_pool_2, reono_crystal_passage
D:4:      layout_basic, general_overflow_altar, kennysheep_slug_shrine,
          minmay_temple_entry_glassed_door, grunt_ministairs_3,
          minmay_statues_item, uniq_edmund

Skill      XL: |  1  2  3  4 |
---------------+-------------+-----
Axes           | 3 4 5 |  5.7
Fighting       | |  2.0
Throwing       | |  1.0
Armour         | |  1.1
Dodging        | |  2.1
Spellcasting   | |  2.0
Translocations | |  2.4

Action                   |  1- 3 |  4- 6 || total
-------------------------+-------+-------++-------
Melee: Hand axe          |    88 |    53 ||   141
       Kick              |    22 |    18 ||    40
       Peck              |    15 |     5 ||    20
Throw: Boomerang         |     7 |       ||     7
  Use: Scroll            |     3 |     7 ||    10
       Potion            |       |     2 ||     2
Armor: Leather armour    |     7 |       ||     7
       Ring mail         |    21 |       ||    21
       Chain mail        |       |    28 ||    28
Dodge: Dodged            |    33 |    18 ||    51

Table legend:
 A = Non-vault XP
 B = Vault XP
 C = Vault XP percentage of total XP
 D = Non-vault monster count
 E = Vault monster count
 F = Vault count percentage of total count
                 A         B        C        D         E       F
            +---------+---------+-------+---------+---------+-------
      Total |     163 |      67 |  29.1 |      43 |      14 |  24.6
            +---------+---------+-------+---------+---------+-------
        D:1 |      21 |      17 |  44.7 |      14 |      10 |  41.7
        D:2 |      66 |       0 |   0.0 |      17 |       0 |   0.0
        D:3 |      76 |      50 |  39.7 |      12 |       4 |  25.0
            +---------+---------+-------+---------+---------+-------
